AoeStats
← mengb65

Arena

509772139Analyzed
1v1 RM · 5d ago on Sep 28, 2026· 47m 19s· 2 players
Game mode
Random Map
Map size
Tiny (2 player)
Population
200
Speed
Normal
Resources
Standard
Victory
Conquest
Starting age
Dark Age
Ending age
Imperial Age
RankedLock teamsTeams togetherTeam positionsShared explorationLock speedFull tech treeHidden civsTurbo modeCheats
Victory
Defeat
🇹🇼 Khmer · Taiwan
945
+16
🇪🇸 Armenians · Spain
942
-16
TETE SKEDAR
10:24 Feudal Age
14:12 Castle Age
12:29 Double-Bit Axe
24:12 Forging
25:39 Iron Casting
25:27 Scale Mail Armor
28:29 Pikeman
32:08 Halberdier
36:14 Imperial Age
33:32 Loom
34:23 Chain Mail Armor
36:07 Gambesons
36:23 Squires
36:09 Arson
36:49 Bow Saw
36:42 Horse Collar
37:41 Fletching
37:52 Padded Archer Armor
37:59 Gold Mining
39:09 Ballistics
40:41 Conscription
41:50 Blast Furnace
41:36 Bodkin Arrow
42:12 Plate Mail Armor
42:30 Stone Mining
43:20 Gold Shaft Mining
43:15 Fortified Wall
42:56 Halberdier
44:12 Heavy Plow
44:33 Elite Composite Bowman
44:54 Capped Ram
45:36 Onager
mengb65
11:33 Feudal Age
14:58 Castle Age
12:59 Double-Bit Axe
13:11 Gold Mining
13:22 Loom
13:25 Horse Collar
16:06 Town Watch
18:47 Wheelbarrow
30:01 Imperial Age
28:27 Gold Shaft Mining
33:09 Scale Barding Armor
33:16 Forging
33:14 Husbandry
33:25 Bloodlines
32:39 Light Cavalry
33:54 Bow Saw
34:39 Bloodlines
33:49 Light Cavalry
34:11 Heavy Scorpion
36:11 Hand Cart
35:32 Hussar
36:52 Iron Casting
38:01 Chain Barding Armor
39:10 Ballistics
38:59 Stone Mining
39:42 Heavy Plow
39:16 Capped Ram
40:47 Siege Ram
42:45 Chemistry
43:44 Plate Barding Armor
44:10 Blast Furnace
43:27 Siege Engineers
44:24 Double Crossbow
44:45 Conscription
Connection lost

Rejoining the realm…

Still unreachable

The connection could not be restored.

Session expired

The server has moved on; the page needs a fresh start.